 Dungeon Crawl Stone Soup version 0.30.0-10-gfe55d96785 (webtiles) character file.

Game seed: 17315696816248680129

11253 Majang the Skirmisher (level 11, -1/87 HPs)
             Began as a Gnoll Hunter on May 14, 2023.
             Was an Elder of Cheibriados.
             Slain by a wolf (6 damage)
             ... on level 3 of the Lair of Beasts.
             The game lasted 01:03:29 (9051 turns).

Majang the Skirmisher (Gnoll Hunter)                Turns: 9051, Time: 01:03:30

Health: -1/87      AC: 14    Str: 24    XL:     11   Next: 74%
Magic:  21/21      EV: 18    Int: 24    God:    Cheibriados [****..]
Gold:   373        SH:  0    Dex: 27    Spells: 23/23 levels left

rFire   . . .        b - +1 hand axe (heavy)
rCold   . . .        (no shield)
rNeg    . . .        l - +3 ring mail
rPois   +            (no helmet)
rElec   .            f - +0 cloak of Sorcery {Str+4 Int+5 SInv}
rCorr   .            (no gloves)
SInv    +            F - +2 pair of boots
Will    .....        (no amulet)
Stlth   ++++         m - +4 ring of slaying
HPRegen 0.34/turn    A - ring of poison resistance
MPRegen 0.17/turn

%: no passive effects
@: very slow
A: fangs 1, strong nose, distributed training
a: Renounce Religion, Bend Time, Temporal Distortion, Slouch


You were on level 3 of the Lair of Beasts.
You worshipped Cheibriados.
Cheibriados was greatly pleased with you.
You visited 3 branches of the dungeon, and saw 12 of its levels.

You collected 633 gold pieces.
You spent 260 gold pieces at shops.

Inventory:

Hand Weapons
 a - a +2 longbow
 b - a +1 heavy hand axe (weapon)
 h - a +0 morningstar
 q - a +2 whip of holy wrath
 C - a +0 trident of flaming
 D - a +4 short sword
Missiles
 t - 4 curare-tipped darts
 u - 6 javelins
 y - a throwing net
Armour
 f - the +0 cloak of Sorcery (worn) {Str+4 Int+5 SInv}
   (You found it on level 3 of the Lair of Beasts)

   Str:       It affects your strength (+4).
   Int:       It affects your intelligence (+5).
   SInv:      It lets you see invisible.
 j - a scarf of resistance
 l - a +3 ring mail (worn)
 F - a +2 pair of boots (worn)
Jewellery
 m - a +4 ring of slaying (left hand)
 s - an amulet of faith
 A - a ring of poison resistance (right hand)
Wands
 v - a wand of mindburst (10)
 H - a wand of flame (10)
 I - a wand of iceblast (8)
Scrolls
 c - a scroll of blinking
 i - a scroll of immolation
 k - 6 scrolls of teleportation
 r - 3 scrolls of amnesia
 G - 2 scrolls of enchant armour
Potions
 d - a potion of flight {unknown}
 e - 5 potions of curing
 g - a potion of magic
 n - 3 potions of brilliance
 o - 2 potions of might
 p - a potion of lignification
 w - a potion of resistance
 x - 2 potions of invisibility
 B - a potion of attraction {unknown}
 J - 2 potions of cancellation {unknown}


   Skills:
 + Level 8.3 Fighting
 + Level 6.8 Short Blades
 + Level 6.8 Long Blades
 + Level 6.8 Axes
 + Level 6.8 Maces & Flails
 + Level 6.8 Polearms
 + Level 6.8 Staves
 + Level 10.9 Ranged Weapons
 + Level 6.8 Throwing
 + Level 6.8 Armour
 + Level 8.3 Dodging
 + Level 7.3 Stealth
 + Level 6.8 Shields
 + Level 6.8 Unarmed Combat
 + Level 6.8 Spellcasting
 + Level 5.6 Conjurations
 + Level 5.6 Hexes
 + Level 5.6 Summonings
 + Level 5.6 Necromancy
 + Level 5.6 Translocations
 + Level 5.6 Transmutations
 + Level 5.6 Fire Magic
 + Level 5.6 Ice Magic
 + Level 5.6 Air Magic
 + Level 5.6 Earth Magic
 + Level 5.6 Poison Magic
 + Level 7.5 Invocations
 + Level 6.8 Evocations


You had 23 spell levels left.
You didn't know any spells.
Your spell library contained the following spells:

 Spells                   Type           Power      Damage    Failure   Level
 Ensorcelled Hibernation  Hex/Ice        70%        N/A       1%          2
 Frozen Ramparts          Ice            70%        1d11      3%          3
 Spider Form              Tmut/Pois      35%        N/A       3%          3
 Anguish                  Hex/Necr       17%        N/A       11%         4
 Ice Form                 Ice/Tmut       35%        N/A       11%         4
 Summon Ice Beast         Ice/Summ       35%        N/A       11%         4
 Borgnjor's Revivificati  Necr           17%        N/A       100%        8
 Necromutation            Tmut/Necr      17%        N/A       100%        8
 Death's Door             Necr           17%        N/A       100%        9


Dungeon Overview and Level Annotations

Branches:
Dungeon (8/15)             Temple (1/1) D:4            Lair (3/5) D:8
  Swamp: Lair:2-3    Shoals: Lair:2-3     Snake: Lair:2-3    Spider: Lair:2-3

Altars:
Ashenzari
Cheibriados
Dithmenos
Elyvilon
Fedhas
Gozag
Hepliaklqana
Kikubaaqudgha
Makhleb
Nemelex Xobeh
Okawaru
Qazlal
Ru
Sif Muna
Trog
Uskayaw
Vehumet
Wu Jian
Xom
Yredelemnul
Zin
The Shining One

Shops:
D:5 =   D:6 (


Innate Abilities, Weirdness & Mutations

You have very sharp teeth.
Your uncanny sense of smell can sniff out nearby items.
Your experience applies equally to all skills.


Message History

The komodo dragon is moderately wounded.
You hit the wolf.
You hear a howl!
The wolf bites you but does no damage. The wolf barely misses you.
The komodo dragon closely misses you. The wolf barely misses you.
The komodo dragon misses you.
You slash the komodo dragon! Your punch misses the komodo dragon.
The komodo dragon is severely wounded.
You slash the wolf!
A wolf comes into view.
The wolf closely misses you. The wolf misses you. The wolf closely misses you.
The komodo dragon barely misses you. The wolf completely misses you.
The wolf howls!
You hit the komodo dragon but do no damage.
The komodo dragon is severely wounded.
You closely miss the wolf. You barely miss the wolf. You slash the wolf!
The wolf closely misses you. The wolf bites you but does no damage.
The wolf completely misses you. The komodo dragon bites you!
The wolf misses you. The wolf bites you but does no damage.
The wolf barely misses you. The wolf misses you.
The komodo dragon completely misses you.
You slash the komodo dragon!
The komodo dragon is almost dead.
You closely miss the wolf. You barely miss the wolf.
You closely miss the wolf. x2
The wolf bites you but does no damage. The wolf bites you.
The wolf misses you. x2
The wolf bites you. The wolf closely misses you. The wolf bites you.
The wolf misses you. The komodo dragon bites you!
The wolf bites you but does no damage. The wolf closely misses you.
You hit the komodo dragon but do no damage.
You bite the komodo dragon, but do no damage.
The komodo dragon is almost dead.
You hit the wolf. You slash the wolf! You hit the wolf.
You kill the wolf!
Cheibriados thoroughly appreciates the change of pace.
You closely miss the wolf. You slash the wolf! The wolf completely misses you.
The wolf misses you. The wolf bites you but does no damage. The wolf bites you!
The wolf bites you but does no damage. The komodo dragon bites you!!
* * * LOW HITPOINT WARNING * * *
The wolf bites you.
You die...

#.................#
................#.
##...#.............
#..h.#.............
#....#...........# P##
###<......##......##
...P#.........##.>.....#
.....#....#...#hhh......
...##.....##...l@h.....#
....P.....P#...†......##
...P..........#.......#
..##.........##########
.............#
..........####
.#######P## ###


You could see a komodo dragon and 4 wolves.

Vanquished Creatures
  A two-headed ogre (D:5)
  Pikel (D:8)
  A lindwurm (Lair:2)
  A black mamba (Lair:2)
  A cane toad (Lair:1)
  A komodo dragon (Lair:2)
  2 polar bears
  A troll (D:8)
  5 blink frogs (Lair:2)
  Sigmund (D:4)
  13 yaks
  2 steam dragons
  A basilisk (Lair:1)
  4 water moccasins
  A black bear (D:4)
  An orc warrior (D:6)
  3 ice beasts
  An ogre (D:4)
  16 wolves
  2 centaurs
  2 phantoms
  2 kobold brigands
  2 lemures (D:8)
  7 bullfrogs
  2 gnoll sergeants
  4 scorpions
  3 wights (D:7)
  3 killer bees (D:7)
  2 howler monkeys (D:8)
  3 electric eels (D:8)
  4 hounds
  2 jellies
  An orc priest (D:8)
  2 gnoll boudas
  Ijyb (D:5)
  5 iguanas
  5 orc wizards
  5 adders
  25 gnolls
  A shadow imp (D:6)
  2 white imps
  3 worms
  5 dart slugs
  17 orcs
  9 ball pythons
  5 endoplasms
  3 giant cockroaches
  8 goblins
  8 hobgoblins
  8 jackals
  6 quokkas
  6 bats
  2 frilled lizards (D:1)
  14 kobolds
  4 rats
240 creatures vanquished.

Notes
Turn   | Place    | Note
-------+----------+-------------------------------------------
     0 | D:1      | Majang the Gnoll Hunter began the quest for the Orb.
     0 | D:1      | Reached XP level 1. HP: 20/20 MP: 1/1
    93 | D:1      | Reached XP level 2. HP: 26/26 MP: 2/2
   474 | D:1      | Reached XP level 3. HP: 31/31 MP: 3/3
   638 | D:2      | Reached skill level 1 in Invocations
   642 | D:2      | Reached skill level 1 in Short Blades
   642 | D:2      | Reached skill level 1 in Long Blades
   642 | D:2      | Reached skill level 1 in Axes
   642 | D:2      | Reached skill level 1 in Maces & Flails
   642 | D:2      | Reached skill level 1 in Polearms
   642 | D:2      | Reached skill level 1 in Staves
   642 | D:2      | Reached skill level 1 in Throwing
   642 | D:2      | Reached skill level 1 in Armour
   642 | D:2      | Reached skill level 1 in Shields
   642 | D:2      | Reached skill level 1 in Unarmed Combat
   642 | D:2      | Reached skill level 1 in Spellcasting
   642 | D:2      | Reached skill level 1 in Evocations
   805 | D:2      | Reached XP level 4. HP: 38/38 MP: 5/5
   958 | D:2      | Found a faded altar of an unknown god.
  1350 | D:3      | Reached skill level 1 in Conjurations
  1350 | D:3      | Reached skill level 1 in Hexes
  1350 | D:3      | Reached skill level 1 in Summonings
  1350 | D:3      | Reached skill level 1 in Necromancy
  1350 | D:3      | Reached skill level 1 in Translocations
  1350 | D:3      | Reached skill level 1 in Transmutations
  1350 | D:3      | Reached skill level 1 in Fire Magic
  1350 | D:3      | Reached skill level 1 in Ice Magic
  1350 | D:3      | Reached skill level 1 in Air Magic
  1350 | D:3      | Reached skill level 1 in Earth Magic
  1350 | D:3      | Reached skill level 1 in Poison Magic
  1387 | D:3      | Noticed a phantom
  1396 | D:3      | Killed a phantom
  1397 | D:3      | Reached XP level 5. HP: 27/43 MP: 5/7
  2088 | D:4      | Reached skill level 5 in Fighting
  2088 | D:4      | Reached skill level 5 in Dodging
  2088 | D:4      | Reached XP level 6. HP: 51/51 MP: 8/8
  2474 | D:4      | Noticed a black bear
  2497 | D:4      | Reached XP level 7. HP: 56/56 MP: 10/10
  2507 | D:4      | Noticed Sigmund
  2518 | D:4      | Killed Sigmund
  2605 | D:4      | Reached skill level 9 in Ranged Weapons
  2733 | D:4      | Found a staircase to the Ecumenical Temple.
  2746 | Temple   | Entered the Ecumenical Temple
  2989 | D:5      | Entered Level 5 of the Dungeon
  3057 | D:4      | Reached XP level 8. HP: 34/63 MP: 12/12
  3265 | D:5      | Found Lawupu's Jewellery Shoppe.
  3284 | D:5      | Noticed Ijyb
  3293 | D:5      | Killed Ijyb
  3351 | D:5      | Found an opulent altar of Gozag.
  3353 | D:5      | Found a shadowy altar of Dithmenos.
  3415 | D:5      | Bought a ring of poison resistance for 260 gold pieces
  3582 | D:5      | Noticed a two-headed ogre
  3968 | D:5      | Killed a two-headed ogre
  3969 | D:5      | Reached XP level 9. HP: 42/69 MP: 13/15
  4213 | D:6      | Found Pemisu's Weapon Boutique.
  4493 | D:6      | Reached skill level 5 in Stealth
  4590 | D:6      | Reached skill level 5 in Invocations
  4602 | D:6      | Identified the +1 pair of gloves of the Orb Guardian {Int+4
                  | Dex-4}
  4904 | D:7      | Found an iron altar of Okawaru.
  4905 | D:7      | Found a shimmering blue altar of Sif Muna.
  4905 | D:7      | Found a blossoming altar of Fedhas.
  4905 | D:7      | Found a shimmering altar of Xom.
  4905 | D:7      | Found a bloodstained altar of Trog.
  4906 | D:7      | Found a broken altar of Ashenzari.
  4906 | D:7      | Found a basalt altar of Yredelemnul.
  4906 | D:7      | Found a white marble altar of Elyvilon.
  4906 | D:7      | Found a snail-covered altar of Cheibriados.
  4907 | D:7      | Found a radiant altar of Vehumet.
  4913 | D:7      | Found an ornate altar of the Wu Jian Council.
  4913 | D:7      | Found a hazy altar of Hepliaklqana.
  4914 | D:7      | Found a glowing golden altar of the Shining One.
  4934 | D:7      | Became a worshipper of Cheibriados the Contemplative
  5445 | D:7      | Reached skill level 5 in Short Blades
  5445 | D:7      | Reached skill level 5 in Long Blades
  5445 | D:7      | Reached skill level 5 in Axes
  5445 | D:7      | Reached skill level 5 in Maces & Flails
  5445 | D:7      | Reached skill level 5 in Polearms
  5445 | D:7      | Reached skill level 5 in Staves
  5445 | D:7      | Reached skill level 5 in Throwing
  5445 | D:7      | Reached skill level 5 in Armour
  5445 | D:7      | Reached skill level 5 in Shields
  5445 | D:7      | Reached skill level 5 in Unarmed Combat
  5445 | D:7      | Reached skill level 5 in Spellcasting
  5445 | D:7      | Reached skill level 5 in Evocations
  5445 | D:7      | Reached XP level 10. HP: 76/77 MP: 17/17
  5635 | D:8      | Reached * piety under Cheibriados
  5649 | D:8      | Reached skill level 10 in Ranged Weapons
  5807 | D:8      | Reached ** piety under Cheibriados
  5960 | D:8      | Found a staircase to the Lair.
  6106 | D:8      | Noticed Pikel
  6115 | D:8      | Killed Pikel
  6410 | Lair:1   | Entered Level 1 of the Lair of Beasts
  6482 | Lair:1   | Noticed a cane toad
  6486 | Lair:1   | Killed a cane toad
  7250 | Lair:2   | Reached skill level 5 in Conjurations
  7250 | Lair:2   | Reached skill level 5 in Hexes
  7250 | Lair:2   | Reached skill level 5 in Summonings
  7250 | Lair:2   | Reached skill level 5 in Necromancy
  7250 | Lair:2   | Reached skill level 5 in Translocations
  7250 | Lair:2   | Reached skill level 5 in Transmutations
  7250 | Lair:2   | Reached skill level 5 in Fire Magic
  7250 | Lair:2   | Reached skill level 5 in Ice Magic
  7250 | Lair:2   | Reached skill level 5 in Air Magic
  7250 | Lair:2   | Reached skill level 5 in Earth Magic
  7250 | Lair:2   | Reached skill level 5 in Poison Magic
  7250 | Lair:2   | Reached XP level 11. HP: 79/85 MP: 20/20
  7347 | Lair:2   | Reached *** piety under Cheibriados
  8506 | Lair:3   | Identified the +0 cloak of Sorcery {Str+4 Int+5 SInv}
  8544 | Lair:3   | Noticed a lindwurm
  8571 | Lair:2   | Killed a lindwurm
  8575 | Lair:2   | HP: 2/86 [polar bear (6)]
  8588 | Lair:2   | Reached **** piety under Cheibriados
  9051 | Lair:3   | Slain by a wolf

Illustrated notes

Levels and vault maps discovered:
D:1:      lightli_arrival_flooded_house, layout_loops_ring, nrook_mini_vaults,
          minmay_pentomino_u4
D:2:      cheibrodos_old_hovel, layout_loops_cross,
          hellmonk_ecumenical_altar_inner_sanctum,
          minmay_randomly_rotated_circles
D:3:      layout_basic
D:4:      minmay_inner_zag, layout_rooms, minmay_temple_entry_wispy,
          uniq_sigmund
D:5:      layout_rooms, minitemple, serial_shops, nicolae_shop_advertising_works
          [nicolae_subvault_shop_adworks], uniq_ijyb
D:6:      layout_rooms, serial_shops, shop, st_stairs_11,
          chequers_serial_rivers_large_b
D:7:      layout_loops_cross, nicolae_overflows_in_rows
D:8:      layout_basic, erik_lair_island, uniq_pikel
Temple:   nicolae_temple_superstar
Lair:1:   layout_small_grid, uniq_urug
Lair:2:   layout_misc_corridors
Lair:3:   layout_gridlike, elwin_shoals_entry_rooms, nicolae_snake_entry_squirm

Skill      XL: |  1  2  3  4  5  6  7  8  9 10 11 |
---------------+----------------------------------+-----
Invocations    | 1 2 3 4 5 6 7 |  7.5
Short Blades   | 1 2 3 4 5 6 |  6.8
Long Blades    | 1 2 3 4 5 6 |  6.8
Axes           | 1 2 3 4 5 6 |  6.8
Maces & Flails | 1 2 3 4 5 6 |  6.8
Polearms       | 1 2 3 4 5 6 |  6.8
Staves         | 1 2 3 4 5 6 |  6.8
Throwing       | 1 2 3 4 5 6 |  6.8
Armour         | 1 2 3 4 5 6 |  6.8
Shields        | 1 2 3 4 5 6 |  6.8
Unarmed Combat | 1 2 3 4 5 6 |  6.8
Spellcasting   | 1 2 3 4 5 6 |  6.8
Evocations     | 1 2 3 4 5 6 |  6.8
Conjurations   | 1 2 3 4 5 |  5.6
Hexes          | 1 2 3 4 5 |  5.6
Summonings     | 1 2 3 4 5 |  5.6
Necromancy     | 1 2 3 4 5 |  5.6
Translocations | 1 2 3 4 5 |  5.6
Transmutations | 1 2 3 4 5 |  5.6
Fire Magic     | 1 2 3 4 5 |  5.6
Ice Magic      | 1 2 3 4 5 |  5.6
Air Magic      | 1 2 3 4 5 |  5.6
Earth Magic    | 1 2 3 4 5 |  5.6
Poison Magic   | 1 2 3 4 5 |  5.6
Fighting       | 5 6 7 8 |  8.3
Dodging        | 5 6 7 8 |  8.3
Stealth        | 3 4 5 6 7 |  7.3
Ranged Weapons | 9 10 | 10.9

Action                     |  1- 3 |  4- 6 |  7- 9 | 10-12 || total
---------------------------+-------+-------+-------+-------++-------
  Melee: Whip              |       |     3 |     5 |       ||     8
         Bite              |       |       |     1 |     5 ||     6
         Short sword       |       |       |       |    20 ||    20
         Hand axe          |       |       |       |    10 ||    10
         Punch             |       |       |       |     1 ||     1
   Fire: Shortbow          |    64 |   134 |   167 |       ||   365
         Longbow           |       |       |   102 |   296 ||   398
 Invoke: Bend Time         |       |       |       |     1 ||     1
  Evoke: Wand              |       |       |     4 |     4 ||     8
    Use: Potion            |     1 |       |     1 |     6 ||     8
         Scroll            |       |    13 |     5 |     4 ||    22
 Armour: Ring mail         |     9 |    23 |    41 |   103 ||   176
  Dodge: Dodged            |    17 |    39 |    95 |   339 ||   490
